[Event "5th Vera Menchik Memorial 2022"]
[Site "Prag"]
[Date "2022.06.05"]
[Round "6.2"]
[White "Sahidi, Samir"]
[Black "Plat, Vojtech"]
[Result "0-1"]
[ECO "A22"]
[WhiteElo "2459"]
[BlackElo "2547"]
[Annotator "TA"]
[PlyCount "136"]
[EventDate "2022.06.05"]
[EventType "tourn"]
[EventCountry "CZE"]
[SourceTitle "playchess.com"]
[Source "ChessBase"]
[SourceQuality "1"]
[TimeControl "720+3"]

1. Nf3 d6 2. c4 e5 3. Nc3 Nf6 4. g3 Be7 5. Bg2 O-O 6. O-O c6 7. b3 {[%emt 0:00:22] A22: English Opening: 1...e5 2 Nc3 Nf6.} a5 8. Bb2 Nbd7 {[%emt 0:00:02] [#]} 9. e4 $146 {[%emt 0:00:32] White is slightly better.} ({Predecessor:} 9. Qc2 Nc5 10. d4 exd4 11. Nxd4 Re8 12. h3 Qb6 13. Rad1 Bf8 14. Kh2 Be6 15. e4 {1-0 (34) Gouy,F (2185)-Mendola,D (2073) Lyon 2002}) 9... Nc5 10. d4 exd4 11. Nxd4 Re8 12. Re1 Bf8 13. h3 g6 14. Qc2 Bg7 15. Rad1 Qb6 16. Nf3 Qc7 (16... Qb4 $11) 17. a3 (17. Ba3 $14) 17... Be6 18. Nd4 Bd7 (18... Nfd7 $14 {was preferrable.}) 19. b4 axb4 20. axb4 Na6 21. b5 Nc5 22. Nb3 (22. f4 $5 ) 22... Nxb3 23. Qxb3 Be6 24. Qb4 Nd7 25. Qxd6 (25. Nd5 $11 cxd5 26. Bxg7) 25... Qxd6 $17 26. Rxd6 {[%emt 0:00:02] [#]} Ne5 $1 27. Bc1 (27. bxc6 $17 {might work better.} bxc6 28. Ne2) 27... Bf8 $19 28. Rdd1 (28. Rd2 {keeps fighting.}) 28... Bb4 (28... Nxc4 29. e5 $11) (28... Bxc4 29. Bf4 $17) 29. Re3 Nxc4 ({Weaker is} 29... Bxc4 30. bxc6 bxc6 31. f4 $17) 30. Red3 Ne5 31. Re3 Bb3 32. Rf1 Bc4 33. Rd1 Bc5 ({Inferior is} 33... cxb5 34. Nd5 Bxd5 35. exd5 $15) 34. bxc6 bxc6 35. Kh2 (35. g4 $142) 35... Ra1 36. Bb2 Rxd1 ({Not} 36... Bxe3 37. Bxa1 Bxf2 38. Nb1 $17) 37. Nxd1 Bxe3 38. Nxe3 Be2 39. g4 (39. Bc3 $142) 39... Nc4 40. Nxc4 Bxc4 {[%emt 0:00:01][%mdl 4096] Endgame KRB-KB} 41. Bd4 Be6 42. Kg3 Rc8 {[%emt 0:00:25] And now ...c5 would win.} 43. Bc5 Rb8 44. g5 $2 (44. Be3 {was worth a try.}) 44... Rb5 45. Be7 c5 46. Kf4 c4 47. Bf6 Rb3 48. Bf1 c3 {[%emt 0:00:15] [#] ( -> ...c2)} 49. Bd3 Bxh3 50. Bc2 Rb2 51. Bd3 Rxf2+ 52. Ke3 c2 53. Bb2 Rh2 54. Kd4 Rg2 55. Kc3 Rxg5 56. Kxc2 Be6 57. Bf6 Rg2+ 58. Kc3 h5 59. Kd4 g5 60. Ke3 h4 {[%emt 0:00:03] Strongly threatening ...Rg3+.} 61. Bf1 Rg3+ 62. Kf2 Kh7 63. Bd4 Kg6 {[%emt 0:00:03] aiming for ...Rb3.} 64. Be3 f5 65. exf5+ Bxf5 {[%emt 0:00:02] ...Be4 is the strong threat.} 66. Be2 Be4 {[%emt 0:00:01] Black mates.} 67. Bb5 Rg2+ 68. Ke1 h3 {[%emt 0:00:01] Weighted Error Value: White=0.43/Black=0.14 (very precise)} 0-1

[Event "5th Vera Menchik Memorial 2022"]
[Site "Prag"]
[Date "2022.06.05"]
[Round "6.3"]
[White "Neuman, Petr"]
[Black "Varga, David"]
[Result "1-0"]
[ECO "C44"]
[WhiteElo "2389"]
[BlackElo "2323"]
[Annotator "TA"]
[PlyCount "63"]
[EventDate "2022.06.05"]
[EventType "tourn"]
[EventCountry "CZE"]
[SourceTitle "playchess.com"]
[Source "ChessBase"]
[SourceQuality "1"]
[TimeControl "720+3"]

1. e4 e5 2. Nf3 Nf6 3. d3 d5 4. Nbd2 Nc6 5. c3 Bc5 6. b4 {[%emt 0:00:09][%cal Bb2b4,Bb4b5][%mdl 32] C44: Ponziani Opening and Scotch Gambit.} Bxf2+ 7. Kxf2 $16 dxe4 8. dxe4 {[%emt 0:00:03] White is clearly better.} Nxe4+ 9. Kg1 Nxc3 10. Qb3 Nd5 11. b5 $36 {[%emt 0:00:15][%mdl 2048] [#] Keeping Black busy.} Nd4 $146 (11... Nce7 $16 {was necessary.} 12. Ba3 (12. Nxe5 Qd6 $16) 12... f6) ({Predecessor:} 11... Nce7 12. Bc4 Be6 13. Ba3 Nf4 14. Bxe6 Nxe6 15. Rd1 Nd4 16. Qa4 Ne2+ 17. Kf2 Nc3 {1-0 (57) Budnikov,O (2408)-Shton,R (2079) Mukachevo 2017}) 12. Nxd4 $18 exd4 13. Nf3 {[%emt 0:00:19] Black must now prevent Bc4.} O-O 14. Bb2 Bg4 (14... a6 $16 15. Bxd4 (15. Nxd4 axb5 16. Bxb5 c6 $16) 15... axb5) 15. Nxd4 Qg5 16. Qg3 {[%emt 0:01:51] h3 is the strong threat.} Qd2 17. Qf2 Qh6 18. h3 Be6 19. Re1 a6 (19... Bd7 {keeps fighting.} 20. Qf3 c6 21. bxc6 bxc6) 20. bxa6 bxa6 21. Kh2 Rab8 (21... Bd7 {was worth a try.} 22. Bc4 Qd6+ 23. g3 c6) 22. Ba1 c5 $2 (22... Bd7 {might work better.} 23. Bc4 Qd6+ 24. Qg3 Qxg3+ 25. Kxg3 Nb6) 23. Nxe6 {[%emt 0:00:56] White is clearly winning.} fxe6 24. Qg3 {[%emt 0:00:03][%cal Oe1e6] [#] Hoping for Rxe6!} Nf4 25. Be5 Nh5 26. Qe3 Qxe3 27. Rxe3 Rb1 28. Bc4 Rxh1+ 29. Kxh1 Re8 30. g4 Nf6 31. Bxf6 gxf6 32. Rxe6 {[%emt 0:00:01] Weighted Error Value: White=0.19 (very precise) /Black=0.61} 1-0

[Event "5th Vera Menchik Memorial 2022"]
[Site "Prag"]
[Date "2022.06.05"]
[Round "6.4"]
[White "Mladek, Richard"]
[Black "Jirovsky, Pavel"]
[Result "1-0"]
[ECO "D51"]
[WhiteElo "2361"]
[BlackElo "2296"]
[Annotator "TA"]
[PlyCount "79"]
[EventDate "2022.06.05"]
[EventType "tourn"]
[EventCountry "CZE"]
[SourceTitle "playchess.com"]
[Source "ChessBase"]
[SourceQuality "1"]
[TimeControl "720+3"]

1. d4 d5 2. c4 e6 3. Nc3 Nf6 4. cxd5 exd5 5. Bg5 Nbd7 6. e3 Bb4 7. Bd3 c5 {[%emt 0:00:02] D51: Queen's Gambit Declined: 4 Bg5 Nbd7 sidelines.} 8. Rc1 Qa5 (8... c4 $11 9. Bb1 (9. Bf5 O-O $11) 9... h6) 9. dxc5 Qxa2 (9... Bxc3+ $142 10. Rxc3 Nxc5) 10. Nge2 $1 $16 (10. Qd2 Qa5 $11) 10... Qa5 11. O-O O-O {[%emt 0:00:25] [#]} 12. Nf4 $146 ({White should play} 12. Bh4) ({Predecessor:} 12. Nb5 a6 13. Nbd4 Qd8 14. c6 Ne5 15. c7 Qd6 16. Nf5 Qb6 17. Bb1 Nc4 18. Nf4 {1-0 (34) Vitiugov,N (2550)-Orlov,V (2450) St Petersburg 2006}) 12... h6 ({Black should try} 12... Bxc3 13. Rxc3 h6 14. Bxf6 Nxf6) 13. Bxf6 {[%emt 0:03:54] 0x0.001aa0d3f747dp-1022s more active pieces. The black rooks are badly placed.} Nxf6 14. Ncxd5 Nxd5 15. Nxd5 Be6 $2 (15... Bxc5 $16 16. Bb1 Bd6) 16. Qh5 $2 (16. Ne7+ $18 {and the rest is easy.} Kh8 17. Qf3) 16... Rfd8 {[%emt 0:01:03] [#]} (16... Bxd5 $16 {keeps fighting.} 17. Qxd5 Rad8) 17. Nf4 $1 $18 Bd7 $2 (17... Re8 18. Rfd1 Qa2 19. Nxe6 Qxe6) 18. Bc4 Be8 19. Qe5 {[%emt 0:00:13] Threatens to win with Nh5.} Kh8 20. Nh5 (20. Bd3 $18) 20... f6 $16 {[%emt 0:00:02] [#]} 21. Nxf6 {[%emt 0:00:09][%cal Oe5f5][%mdl 512] Qf5! is the strong threat.} Qxc5 22. Qe6 $40 {[%emt 0:00:33][%mdl 128] White has strong attack.} (22. Bd5 $142 Qd6 23. Qxd6 Bxd6 24. Nxe8 (24. Bxb7 gxf6 25. Bxa8 Rxa8 $14) 24... Rxe8 25. Bxb7) 22... Qf8 (22... Bc6 $142) 23. Nd5 (23. Nxe8 $142 Qxe8 24. Qxe8+ Rxe8 25. Bd5) 23... Bd6 24. Bd3 Bf7 25. Qe4 Bg8 {[%emt 0:00:00][%cal Od6h2] Prevents Qh7+.} 26. Nc7 Rab8 (26... Bxc7 $16 27. Rxc7 Qd6) 27. Ne6 $18 Bxh2+ 28. Kxh2 Qd6+ 29. Nf4 g5 30. Qd4+ Qxd4 31. Ng6+ ({Worse is} 31. exd4 gxf4 32. Rc7 Rxd4 $11) 31... Kg7 32. exd4 Rxd4 33. Rc7+ Kf6 34. Bb1 Re8 (34... Bf7 $142 35. f4 Bxg6) 35. f4 {[%emt 0:00:10] Strongly threatening fxg5+.} gxf4 36. Nxf4 {[%emt 0:01:33] aiming for Ne2+.} Kg5 {[%emt 0:00:03] [#]} 37. Rg7+ (37. Ne6+ $142 $1 Rxe6 38. Rg7+ Rg6 39. Rxg6+ Kh4 40. Rxg8 Rd5 41. g3+ Kh5 42. Bg6+ Kg4 43. Bf7+ Rg5 44. Rf4#) 37... Kf6 {[%emt 0:00:03] White is clearly winning.} 38. Rxg8 Rxg8 39. Ne2+ Ke5 40. Rf5+ {[%emt 0:00:03] Weighted Error Value: White=0.27 (precise) /Black=0.77} 1-0

[Event "5th Vera Menchik Memorial 2022"]
[Site "Prag"]
[Date "2022.06.05"]
[Round "6.5"]
[White "Hrabusa, Matej"]
[Black "Jacko, Vladimir"]
[Result "1-0"]
[ECO "A46"]
[WhiteElo "2361"]
[BlackElo "2379"]
[Annotator "TA"]
[PlyCount "103"]
[EventDate "2022.06.05"]
[EventType "tourn"]
[EventCountry "CZE"]
[SourceTitle "playchess.com"]
[Source "ChessBase"]
[SourceQuality "1"]
[TimeControl "720+3"]

1. d4 Nf6 2. Nf3 e6 3. Bf4 c5 4. c3 Nc6 5. e3 Be7 6. Nbd2 O-O {[%emt 0:00:04] A46: 1 d4 Nf6 2 Nf3 e6: Torre, London and Colle Systems.} 7. Bd3 Nd5 8. Bg3 f5 {[%emt 0:00:06] [#] White has an edge.} 9. e4 $146 (9. dxc5 $14 Bxc5 10. Qc2) ({Predecessor:} 9. O-O b6 10. a3 f4 11. exf4 Nxf4 12. Bxf4 Rxf4 13. Ne5 Nxe5 14. dxe5 Bf8 15. Qe2 {½-½ (30) Zachariassen,J (2006)-Sorensen,B (2181) Randers 2015}) 9... fxe4 $11 10. Bxe4 Nf4 (10... cxd4 $11 11. Nxd4 Nxd4 12. cxd4 Qb6) 11. O-O (11. Bxf4 $16 {Threatens to win with Bg3.} Rxf4 12. d5 exd5 13. Bxd5+ Kh8 14. O-O) 11... cxd4 12. Nxd4 Nxd4 (12... d5 $142 $1 13. Bc2 e5 14. Nxc6 bxc6) 13. cxd4 d5 14. Bc2 Bd7 15. Bxf4 Rxf4 16. Qh5 (16. Nf3 $1 $11) 16... Rh4 $15 17. Qe2 (17. Bxh7+ $2 Kh8 18. Qf7 Kxh7 $19) 17... Bd6 (17... Rxd4 $15 18. Nf3 Rb4) 18. Nf3 $14 Rh6 19. g3 Qf6 (19... Qb6 $11 {remains equal.}) 20. Ne5 $16 Bxe5 21. dxe5 Qe7 22. Rac1 Rf8 23. Bd3 Qe8 24. f4 Bc6 25. b4 {[%emt 0:00:27] 0x0.001b6d683c31dp-1022s more active pieces.} a6 {[%emt 0:00:20] Prevents b5.} 26. a3 Qd7 27. Rc5 d4 28. b5 $2 (28. Rfc1 $18) 28... axb5 $11 29. Bxb5 (29. Rfc1 {with more complications.} Rd8 30. Bxb5 d3 31. Bxc6 bxc6 32. Qe4) 29... Rg6 $2 (29... d3 $11 {and Black is okay.} 30. Qb2 d2) 30. Bxc6 $18 bxc6 31. Qe4 d3 32. Rd1 (32. Qxc6 $2 Qd4+ 33. Kg2 (33. Kh1 $2 d2 $19) 33... d2 $19) (32. Rc3 $18) 32... d2 $2 (32... Qa7 $1 $14 33. Qxc6 Rxf4) 33. Qe3 (33. Rc2 $18) 33... Rb8 $2 (33... Rd8 $2 34. Rc2 Qd4 35. Qxd4 Rxd4 36. Kf2 $18 (36. Rdxd2 Rxf4 37. Rxc6 h6 $16)) (33... h5 $16 {was worth a try.}) 34. Rc2 $2 ({Don't take} 34. Qxd2 Qa7 35. Rdc1 Qxa3 36. Rxc6 Rf8 $18) ({White should try} 34. Rxd2 $18 Qa7 35. Kg2) 34... h5 $2 (34... Rb1 $1 $11 {and Black has nothing to worry.} 35. Qe2 Qd4+ 36. Kf1 Qd5 37. Rxb1 Qh1+ 38. Kf2 Qxh2+ 39. Kf1 (39. Ke3 Rxg3+ 40. Kxd2 Rg2 $17) 39... Qh1+ 40. Kf2 Qh2+ 41. Kf1 (41. Ke3 Rxg3+ 42. Kxd2 Rg2 $17) 41... Qh1+ 42. Kf2 Qh2+) 35. Rcxd2 Qe7 36. Rd7 Qf8 37. Qd3 Kh7 38. Rd6 Kh6 $2 (38... Qf5 39. Rxc6 h4 40. Qxf5 exf5) 39. Qe3 (39. a4 $142) 39... Qf5 $2 (39... Kh7 40. Qd3 Qf5 41. Rxc6 h4 42. Qxf5 exf5) 40. Rd8 Rxd8 41. Rxd8 {[%emt 0:00:01][%cal Rd8h8][%mdl 4096] Endgame KQR-KQR} Kh7 {[%emt 0:00:01] Against Rh8+} 42. Qd3 {[%emt 0:00:03] Against Qb1+} Qg4 (42... Qxd3 $142 43. Rxd3 Rh6) 43. Kf2 $2 ({White has to play} 43. Rf8 $18 {Hoping for Qd8.} Qh3 44. Qd8 Rxg3+ 45. hxg3 Qxg3+ 46. Kf1 Qf3+ 47. Ke1 Qe3+ 48. Kd1 Qb3+ 49. Ke2 Qc2+ 50. Kf3 Qb3+ 51. Ke2 Qc2+ 52. Qd2 Qe4+ 53. Qe3 Qg2+ 54. Ke1) 43... Qh3 $1 $11 44. Kg1 $2 (44. Rh8+ $11 Kxh8 45. Qxg6 Qxh2+ 46. Kf3) 44... Qg4 $1 $18 45. Kg2 {[%emt 0:00:06] a4 is the strong threat.} h4 46. Rf8 {[%emt 0:00:17] And now a4 would win.} h3+ 47. Kf2 Qh5 48. Qf3 Rg4 49. Qe4+ Rg6 50. Qe2 $2 (50. Qd3 {mates} c5 51. Qd8 Rh6 52. Qc8 Qf5 53. Rxf5 exf5 54. e6 Rxe6 55. Qxe6) 50... Rg4 $2 {[%emt 0:00:01][%mdl 8192] [#]} (50... Qxe2+ $11 51. Kxe2 {[#]} Rxg3 $1) 51. Qd3+ Rg6 $1 52. Qd8 {[%emt 0:00:02] Weighted Error Value: White=0.77/Black=0.80} 1-0

[Event "5th Vera Menchik Memorial 2022"]
[Site "Prag"]
[Date "2022.06.05"]
[Round "6.6"]
[White "Burdalev, Kirill"]
[Black "Janda, Pavel"]
[Result "1-0"]
[ECO "E10"]
[WhiteElo "2381"]
[BlackElo "2089"]
[Annotator "TA"]
[PlyCount "61"]
[EventDate "2022.06.05"]
[EventType "tourn"]
[EventCountry "CZE"]
[SourceTitle "playchess.com"]
[Source "ChessBase"]
[SourceQuality "1"]
[TimeControl "720+3"]

1. d4 Nf6 2. Nf3 e6 3. c4 c5 4. d5 b5 5. Bg5 d6 6. dxe6 {[%emt 0:00:59] E10: Blumenfeld Gambit.} fxe6 7. cxb5 {[%emt 0:00:02] [#]} Bb7 $146 ({Predecessor:} 7... Be7 8. Nc3 Bb7 9. e3 O-O 10. Bd3 d5 11. O-O Nbd7 12. a4 Qe8 13. Bh4 Rc8 {1-0 (43) Ivanisevic,I (2655)-Karagianis,P (2183) Las Vegas 2012}) 8. Nc3 {[%emt 0:00:22][%cal Oe2e4] White is slightly better.} d5 {[%emt 0:00:07] Against e4} 9. e4 {[%emt 0:00:46] Threatens to win with Qe2.} d4 10. e5 {[%emt 0:00:01] White is more active.} Qa5 $2 11. exf6 $18 dxc3 12. f7+ Kxf7 13. Ne5+ Kg8 14. Nc4 $40 {[%emt 0:00:46][%mdl 128] White has strong attack.} (14. Bc4 $18 {[%cal Rc4e6] has better winning chances.} c2+ 15. Qd2 Qxd2+ 16. Kxd2) 14... c2+ $2 (14... Qxb5 $16 {is more resistant.} 15. bxc3 Qd7) 15. Nxa5 cxd1=Q+ 16. Rxd1 Bd5 17. Bc4 Bxc4 18. Nxc4 {[%emt 0:00:01] [#] aiming for Rd8.} h6 19. Be3 Be7 20. Ke2 Kf7 21. a4 a6 22. b6 {[%emt 0:00:27] [#] Na5 is the strong threat.} Nc6 {[%emt 0:00:04] Prevents Na5.} 23. a5 e5 24. Rd5 (24. Rd7 $142) 24... Ke6 25. Rd2 ({Stronger than} 25. b7 Rab8 26. Rdd1 (26. Nb6 Rxb7 27. Rhd1 Nxa5 $11) 26... Rxb7 $11) 25... Nd4+ $2 (25... Rhd8 {might work better.} 26. Re1 Rab8) 26. Bxd4 exd4 27. Kd3 Kd5 28. Re2 Bf6 {[%emt 0:00:00] Against Re5+} (28... Bd6 $142 29. Nxd6 Kxd6) 29. Rhe1 {[%emt 0:00:04] White threatens Re6 and mate.} Kc6 30. Re6+ Kb5 31. b7 {[%emt 0:00:12] White took control after the opening.  Weighted Error Value: White=0.36/Black=0.92} 1-0

[Event "5th Vera Menchik Memorial 2022"]
[Site "Prag"]
[Date "2022.06.05"]
[Round "6.7"]
[White "Svacina, Petr"]
[Black "Richtrova, Eliska"]
[Result "0-1"]
[ECO "B25"]
[WhiteElo "2030"]
[BlackElo "2204"]
[Annotator "TA"]
[PlyCount "80"]
[EventDate "2022.06.05"]
[EventType "tourn"]
[EventCountry "CZE"]
[SourceTitle "playchess.com"]
[Source "ChessBase"]
[SourceQuality "1"]
[TimeControl "720+3"]

1. e4 d6 2. d3 g6 3. g3 Bg7 4. Bg2 c5 5. Nc3 Nc6 6. Nf3 e5 7. O-O Nge7 8. Nd2 O-O 9. Nc4 Be6 10. Nd5 Qd7 {[%emt 0:00:28] B25: Closed Sicilian: 3 g3, lines without early Be3.} 11. c3 f5 12. f4 Rae8 {[%emt 0:00:44] The position is equal.} (12... b5 $5 13. Nxe7+ Nxe7 14. exf5 Bd5 15. Bxd5+ Nxd5 $11) 13. a4 {[%emt 0:00:14][%cal Ba2a4,Ba4a5][%mdl 32] [#]} Bxd5 $146 (13... exf4 $11 {feels stronger.} 14. Bxf4 Ne5) ({Predecessor:} 13... Bf7 14. a5 Nxd5 15. exd5 Ne7 16. Qa4 Qxa4 17. Rxa4 Bxd5 18. Nxd6 Rb8 19. fxe5 Bxe5 {½-½ (55) Kristiansen,J (2436)-Aagaard,J (2528) Odense 2011}) 14. exd5 $16 Nd8 15. a5 Nf7 16. Qa4 Qxa4 17. Rxa4 Rb8 ({Black should play} 17... Nc8 $14) 18. Ra3 b5 19. axb6 $1 axb6 20. Ra6 Nc8 21. Re1 Re8 (21... exf4 $11 22. Bxf4 b5) 22. Kf2 Kf8 23. Bd2 b5 24. Na5 Nb6 25. Nc6 Rb7 26. Rea1 c4 27. Be3 (27. fxe5 $16 {Hoping for e6.} Bxe5 28. R1a5) 27... Na4 $11 28. dxc4 Nxb2 {[%emt 0:00:01] ...exf4 is the strong threat.} 29. cxb5 exf4 30. Bd4 {[%emt 0:00:25] A strong pair of Bishops.} ({Reject} 30. Bxf4 Nd3+ 31. Kg1 Nxf4 32. gxf4 Rxb5 $15) (30. gxf4 $5 Nc4 31. Bd4 $14) 30... Nd3+ 31. Kf1 (31. Kg1 $11) 31... fxg3 $17 32. Bxg7+ $2 (32. b6 $17 {is a better defense.} Bxd4 33. Nxd4 gxh2 34. Ne6+ Kg8 35. Ra8) 32... Kxg7 $19 33. hxg3 Rxb5 34. c4 (34. Nd4 {keeps fighting.} Rb2 35. Ne6+ Kf6 36. Kg1) 34... Rb2 {[%emt 0:00:08] White must now prevent ...Ree2.} 35. Nd4 {[%emt 0:00:34] Prevents Ree2.} (35. Kg1 $142 Re3 36. R1a2) 35... Ng5 {[%emt 0:00:20] And now ...Re3 would win.} 36. Rxd6 (36. Kg1 $142 Re3 37. R6a2) 36... Kh6 $2 (36... Re3 $19 37. Rd7+ Kh6) 37. Ne6 $2 {[%emt 0:00:08][%mdl 8192] [#]} (37. Rd1 $11 {and White is okay.} Rf2+ 38. Kg1) 37... Ne4 $2 (37... f4 $1 $19 {[%cal Rf4f3] is more deadly. ( -> ...f3)} 38. Nxg5 (38. Nxf4 $2 Nxf4 39. gxf4 Rf8 $19) 38... Kxg5) 38. Bxe4 $17 fxe4 39. Ra3 $2 {[%emt 0:00:06][%mdl 8192] [#]} (39. Nf4 $17) 39... Reb8 $1 40. g4 Rf2+ {[%emt 0:00:07] Weighted Error Value: White=0.88/Black=0.57} 0-1

[Event "5th Vera Menchik Memorial 2022"]
[Site "Prag"]
[Date "2022.06.05"]
[Round "6.8"]
[White "Fedorov, Evgueny"]
[Black "Kubikova, Hana"]
[Result "1-0"]
[ECO "B29"]
[WhiteElo "2236"]
[BlackElo "2068"]
[Annotator "TA"]
[PlyCount "46"]
[EventDate "2022.06.05"]
[EventType "tourn"]
[EventCountry "CZE"]
[SourceTitle "playchess.com"]
[Source "ChessBase"]
[SourceQuality "1"]
[TimeControl "720+3"]

1. e4 c5 2. Nf3 Nf6 3. Nc3 Nc6 4. d4 d5 5. exd5 Nxd5 6. Bb5 Nxc3 7. bxc3 cxd4 {[%emt 0:00:06] B29: Sicilian: 2 Nf3 Nf6 (Nimzowitsch Variation).} 8. Nxd4 Bd7 9. O-O Nxd4 {[%emt 0:00:51] The position is equal.} 10. Bxd7+ Qxd7 11. cxd4 e6 12. Qg4 {[%emt 0:00:29] [#]} g6 $146 ({Predecessor:} 12... Rc8 13. Be3 h5 14. Qg3 h4 15. Qg4 h3 16. gxh3 Qd5 17. Rfc1 Rc4 18. a4 g6 {½-½ (58) Karttunen,M (2488)-Bazeev,G (2385) Chess.com INT 2022}) 13. d5 e5 ({Much less strong is} 13... Bg7 14. dxe6 fxe6 15. Rd1 $14) (13... Qxd5 $5 14. Bb2 Rg8 $11) 14. Qg3 (14. Qf3 $11 Bg7 15. Ba3) 14... f6 (14... Qxd5 $15 15. c4 Qe6) 15. f4 Bc5+ ({Don't take} 15... Qxd5 16. fxe5 f5 17. Kh1 $11) 16. Be3 Bxe3+ 17. Qxe3 O-O 18. fxe5 Qxd5 19. exf6 b6 20. Rad1 Qxa2 21. Rd7 {[%emt 0:00:07] [#] Intending Rg7+ and mate.} Rf7 {[%emt 0:00:11] Prevents Rg7+.} 22. Rfd1 ({Better is} 22. Qe4 $11 Raf8 23. Rd6) 22... Rxf6 $2 (22... Rxd7 $15 23. Rxd7 Qa1+ 24. Kf2 Qxf6+ 25. Ke2 a5) 23. Qh6 $18 Rf7 {[%emt 0:00:53] Prevents Qg7+.  Weighted Error Value: White=0.23 (precise) /Black=0.12 (very precise)} 1-0

[Event "5th Vera Menchik Memorial 2022"]
[Site "Prag"]
[Date "2022.06.05"]
[Round "6.9"]
[White "Holy, Filip"]
[Black "Jedlicka, Ales"]
[Result "1/2-1/2"]
[ECO "B32"]
[WhiteElo "2066"]
[BlackElo "2207"]
[Annotator "TA"]
[PlyCount "110"]
[EventDate "2022.06.05"]
[EventType "tourn"]
[EventCountry "CZE"]
[SourceTitle "playchess.com"]
[Source "ChessBase"]
[SourceQuality "1"]
[TimeControl "720+3"]

1. e4 c5 2. Nf3 Nc6 3. d4 cxd4 4. Nxd4 e5 5. Nb5 d6 6. c4 Be7 {[%emt 0:00:03] 6...Be6 injects fresh life into this line.} 7. N5c3 {[%emt 0:01:44] B32: Sicilian: Löwenthal and Kalashnikov Variations.} Be6 8. Nd5 Rc8 9. Nbc3 {[%emt 0:00:15] White is slightly better.} Bg5 {[%emt 0:00:11] [#]} 10. Ne3 $146 ({Predecessor:} 10. Bd3 Bxc1 11. Rxc1 Nge7 12. O-O O-O 13. Qd2 Ng6 14. Bb1 Qh4 15. b3 f5 16. f4 fxe4 17. fxe5 Ngxe5 18. Bxe4 Ng4 19. h3 Nge5 20. Nf4 Bf7 {½-½ (20) Hoffmann,M (2441)-Kadric,D (2553) Tegernsee 2021}) 10... Nge7 11. Be2 Nd4 12. b3 O-O 13. O-O f5 14. exf5 Nexf5 15. Bg4 (15. Bd3 {looks sharper.} Ne7 16. Nc2 Bxc1 17. Rxc1 Nec6 18. Be4) 15... Nxe3 (15... g6 $14) 16. Bxe6+ $16 Nxe6 17. Bxe3 Bxe3 18. fxe3 Rxf1+ 19. Qxf1 Qg5 20. Nd5 (20. Qd3 $16) 20... Rf8 $11 21. Qd3 Nc5 22. Qc2 e4 (22... a5 {with more complications.} 23. Qe2 Ne4 24. Rf1 g6) 23. Nf4 (23. Qc3 {feels hotter.} Qh4 24. Qe1 Qg5 25. Qg3) 23... Qf6 (23... Nd3 $11) 24. Rd1 $16 g5 25. Nd5 (25. Nh5 $1 $16 Qg6 26. Ng3) 25... Qe5 (25... Qe6 $1 $14) 26. Qc3 Qe6 27. Rf1 {[%emt 0:00:12] White is more active.} ({Better is} 27. Qd4 $16) 27... Rxf1+ $14 28. Kxf1 {[%emt 0:00:02][%mdl 4096] Endgame KQN-KQN} Nd3 (28... b5 $14) 29. Qf6 $1 $18 Qxf6+ 30. Nxf6+ {[%emt 0:00:01] KN-KN} Kf7 31. Nxe4 Ke7 32. Nxg5 h6 (32... Nc1 {was necessary.} 33. Nxh7 Nxa2) 33. Nf3 Nc1 34. Nd4 Nxa2 35. Nf5+ (35. Kf2 $18) 35... Ke6 $16 36. Nxh6 (36. g4 $1 $16) 36... Nc1 (36... a5 $1 $11) 37. b4 Nd3 38. b5 (38. Ng4 $16) 38... Ne5 $11 39. Ke2 {[%emt 0:00:05] next e4 is good for White.} Nxc4 40. g4 Na3 41. b6 axb6 42. Nf5 {[%emt 0:00:03] Threatens to win with h4.} b5 43. Kd3 Ke5 (43... Nc4 $11) 44. h4 (44. h3 $1 $16) 44... b4 $2 (44... Nc4 $11 {and Black stays safe.}) 45. h5 (45. Nd4 $18) 45... b3 (45... Kf6 $16) 46. Kc3 $18 Nb1+ $2 {[%emt 0:00:23] [#]} (46... Kf6 47. Kxb3 (47. Nxd6 Nc2 $16) 47... Nb5) 47. Kxb3 $2 (47. Kb2 $1 $18 {Intending h6 and mate.} Nd2 48. h6 Nc4+ 49. Kxb3 Nxe3 50. h7 Nxg4 51. Ne7) 47... Nd2+ $11 48. Kc2 {[%emt 0:00:07] Threatening mate with h6.} Nf3 49. h6 (49. Nd4 $16 Ng5 50. Kd3) 49... Ng5 $14 50. Kd3 b5 $2 ({Black should try} 50... b6 $14) 51. Nd4 $18 {[%emt 0:00:03][%cal Od4f3] aiming for Nf3+!} Kf6 $2 (51... Nf7 52. h7 (52. Nxb5 Nxh6 53. e4 Nxg4 $11) 52... Kf6) 52. Nxb5 Nf7 {[%emt 0:00:01] [#]} 53. Kd4 $2 ({Only move:} 53. h7 $1 $18 {[%cal Ob5d6] Hoping for Nxd6!} Ne5+ 54. Ke4) 53... Nxh6 $11 {[%emt 0:00:03] The position is equal.} 54. Nxd6 {[%emt 0:00:02] Ne4+ is the strong threat.} Nxg4 55. Ne4+ Ke6 {[%emt 0:00:02] Weighted Error Value: White=0.45/Black=0.42} 1/2-1/2